 Dungeon Crawl Stone Soup version 0.28-a0-983-g1de4e0787c (webtiles) character file.

Game seed: 2678778138150507291

0 Redcow54321 the Sneak (level 1, 0/18 HPs)
             Began as a Demigod Delver on Dec 3, 2021.
             Slain by a nagaraja zombie (8 damage)
             ... on level 1 of the Abyss.
             The game lasted 00:01:03 (165 turns).

Redcow54321 the Sneak (Demigod Delver)               Turns: 165, Time: 00:01:04

Health: 0/18       AC:  3    Str: 13    XL:     1   Next: 0%
Magic:  3/3        EV:  8    Int: 12    God:
Gold:   16         SH:  0    Dex: 15    Spells: 0/0 levels left

rFire   . . .      SeeInvis .   a - +0 hand axe
rCold   . . .      Faith    .   (no shield)
rNeg    . . .      Spirit   .   b - +0 leather armour
rPois   .          Reflect  .   (no helmet)
rElec   .          Harm     .   (no cloak)
rCorr   .          Rampage  .   (no gloves)
Will    .....                   (no boots)
Stlth   +++.......              (no amulet)
HPRegen 0.06/turn               (no ring)
MPRegen 0.08/turn               (no ring)

@: constricted
A: high mp 1, forlorn, divine attributes
a: no special abilities


You were on level 1 of the Abyss.
You visited 1 branch of the dungeon, and saw 1 of its levels.
You visited the Abyss 1 time.

You collected 16 gold pieces.

Inventory:

Hand Weapons
 a - a +0 hand axe (weapon)
Armour
 b - a +0 leather armour (worn)
Wands
 g - a wand of digging (3)
Scrolls
 c - a scroll of fog
 d - a scroll of magic mapping
 e - a scroll of fear
 h - a scroll of enchant armour {unknown}
 i - a scroll of identify {unknown}
Potions
 f - a potion of haste


   Skills:
 - Level 2.6 Fighting
 * Level 1.7 Axes
 - Level 1.7 Dodging
 - Level 4.5 Stealth


You couldn't memorise any spells.
You didn't know any spells.
Your spell library was empty.

Dungeon Overview and Level Annotations

Branches:
Dungeon (5/15)
 Temple: D:4-7

Portals:
Abyss: D:5


Innate Abilities, Weirdness & Mutations

You have an increased reservoir of magic. (+10% MP)
You shall have no god before yourself.
Your divine heritage dramatically boosts your attributes as you level up.


Message History

i - a scroll labelled SUWOJA LISMY You now have 16 gold pieces.
You open the door.
There is an open door here.
There is an open door here.
You open the door.
There is an open door here.
You open the door.
There is an open door here.
You open the door.
A lurking horror comes into view.
Found an embroidered robe and a slimy bronze ring.
Found a corrupted altar of Lugonu.
Found a one-way gate to the infinite horrors of the Abyss.
There is an open door here.
Found an escape hatch in the floor.
You see here the ring "Iphi" {rPois rF++ rCorr Str-4 SInv}.
j - the ring "Iphi" {rPois rF++ rCorr Str-4 SInv} The helpless lurking horror fails to defend itself.
You slash the lurking horror!
Your body is wracked with pain!
A lurking horror comes into view.
There is a one-way gate to the infinite horrors of the Abyss here.
Save game and exit? [Y]es or [N]o only, please.
Save game and exit?
Okay, then.
You drop the ring "Iphi" {rPois rF++ rCorr Str-4 SInv}.
If you enter this portal you might not be able to return immediately.
Continue?
This branch contains the abyssal rune of Zot.
Found 19 arrows and a long sword.
A nagaraja zombie comes into view.
Found a fuming clear potion.
Found a gateway leading deeper into the Abyss.
You barely miss the nagaraja zombie. You barely miss the nagaraja zombie.
The nagaraja zombie misses you. The nagaraja zombie grabs you.
The nagaraja zombie constricts you.
You hit the nagaraja zombie.
The nagaraja zombie is lightly damaged.
The nagaraja zombie hits you!
You die...

.... . . #'.## ..
.##.##.#.....#..
.....#....#.......
..........#........
..#.#..##...#.....
..(...............
.........#........>
##.................
...#....@Z......#
.#....#.....#.)....
#. ..#........####
#...............
......!..........
.#..........#.....
######+#####...##
###


You could see a nagaraja zombie.

Vanquished Creatures
  A lurking horror (D:5)
1 creature vanquished.

Notes
Turn   | Place    | Note
-------+----------+-------------------------------------------
     0 | D:5      | Redcow54321 the Demigod Delver began the quest for the Orb.
     0 | D:5      | Reached XP level 1. HP: 18/18 MP: 3/3
   117 | D:5      | Found a one-way gate to the infinite horrors of the Abyss.
   122 | D:5      | Identified the ring "Iphi" {rPois rF++ rCorr Str-4 SInv}
   132 | D:5      | Voluntarily entered the Abyss.
   153 | Abyss:1  | Noticed a nagaraja zombie
   165 | Abyss:1  | Slain by a nagaraja zombie

Illustrated notes

Levels and vault maps discovered:
D:5:      layout_gridville, amcnicky_altar_lugonu_corruption
Abyss:1:  base:
D:5

Action                   || total
-------------------------++-------
Melee: Hand axe          ||     4
 Stab: Sleeping          ||     1
Dodge: Dodged            ||     1

Table legend: (Time is in decaauts)
 A = Elapsed time spent in this place.
 B = Non-inter-level travel time spent in this place.
 C = Inter-level travel time spent in this place.
 D = Time resting spent in this place.
 E = Time spent auto-exploring this place.
 F = Levels seen in this place.
 G = Mean time per level.
                   A        B        C        D        E       F      G
               +--------+--------+--------+--------+--------+-----+--------+
         Total |    165 |    165 |      0 |      0 |    135 |   2 |   82.5 |
       Dungeon |    132 |    132 |      0 |      0 |    115 |   1 |  132.0 |
         Abyss |     33 |     33 |      0 |      0 |     20 |   1 |   33.0 |
               +--------+--------+--------+--------+--------+-----+--------+

Top non-repeatable levels by time:
     D:5: 132 daAuts
 Abyss:1: 33 daAuts
